AoeStats
← Zortopos

Arena

509967765Analyzed
3v3 RM · 3d ago on Sep 28, 2026· 38m 41s· 6 players
Game mode
Random Map
Map size
Normal (6 player)
Population
200
Speed
Normal
Resources
Standard
Victory
Conquest
Starting age
Dark Age
Ending age
Imperial Age
RankedLock teamsTeams togetherTeam positionsShared explorationLock speedFull tech treeHidden civsTurbo modeCheats
Victory
Defeat
🇦🇷 Bulgarians · Argentina
1103
+14
🇦🇷 Portuguese · Argentina
1074
+15
🇦🇷 Goths · Argentina
1069
+16
🇹🇷 Gurjaras · Türkiye
1094
-16
🇪🇨 Japanese · Ecuador
1062
-15
🇲🇽 Maya · Mexico
1041
-14
octavio
2:29 Loom
12:43 Feudal Age
19:16 Castle Age
17:56 Double-Bit Axe
18:18 Horse Collar
28:34 Bow Saw
29:29 Wheelbarrow
34:31 Imperial Age
33:24 Gold Mining
35:56 Heavy Scorpion
37:13 Squires
36:35 Eagle Warrior
37:27 Forging
37:17 Scale Mail Armor
Zortopos
7:26 Loom
10:00 Feudal Age
10:34 Double-Bit Axe
16:09 Castle Age
14:11 Horse Collar
17:05 Bow Saw
18:06 Gold Mining
19:35 Stone Mining
20:19 Forging
23:33 Scale Barding Armor
23:39 Town Watch
25:05 Wheelbarrow
26:08 Iron Casting
25:53 Chain Barding Armor
25:52 Heavy Plow
26:07 Husbandry
26:18 Bloodlines
27:30 Bloodlines
34:04 Imperial Age
31:55 Fletching
34:07 Hand Cart
36:02 Chemistry
36:41 Masonry
36:27 Murder Holes
36:12 Treadmill Crane
36:03 Heavy Camel Rider
Bry.D
8:58 Feudal Age
14:11 Castle Age
13:05 Double-Bit Axe
13:04 Horse Collar
14:42 Loom
15:50 Fletching
16:21 Bow Saw
20:29 Bodkin Arrow
23:34 Wheelbarrow
23:02 Yasama
25:05 Wheelbarrow
28:21 Scale Mail Armor
30:11 Forging
35:18 Imperial Age
33:58 Hand Cart
37:29 Two-Man Saw
37:23 Conscription
37:04 Bracer
Baldunets
6:20 Loom
9:18 Feudal Age
9:43 Double-Bit Axe
10:11 Horse Collar
10:56 Gold Mining
15:47 Wheelbarrow
18:35 Castle Age
18:17 Fletching
18:37 Forging
18:27 Scale Mail Armor
18:32 Scale Barding Armor
19:53 Bow Saw
20:54 Bodkin Arrow
21:35 Iron Casting
21:15 Chain Mail Armor
21:20 Chain Barding Armor
20:57 Stone Mining
22:22 Stone Shaft Mining
22:37 Hand Cart
25:09 Gold Shaft Mining
24:38 Heavy Plow
26:52 Gambesons
27:08 Squires
26:53 Arson
28:35 Bloodlines
28:25 Husbandry
31:06 Husbandry
33:43 Imperial Age
31:46 Town Watch
32:35 Town Patrol
33:59 Murder Holes
34:14 Masonry
35:33 Blast Furnace
35:03 Plate Mail Armor
35:08 Plate Barding Armor
34:34 Bracer
35:06 Crop Rotation
35:04 Conscription
35:09 Elite Konnik
hoks
3:28 Loom
11:38 Feudal Age
13:49 Double-Bit Axe
16:47 Castle Age
15:27 Scale Mail Armor
16:45 Stone Mining
16:55 Gold Mining
18:03 Squires
19:38 Fletching
21:55 Horse Collar
23:39 Forging
24:42 Anarchy
27:46 Iron Casting
27:40 Heavy Plow
29:45 Chain Mail Armor
34:54 Imperial Age
33:14 Bodkin Arrow
35:34 Elite Huskarl
36:25 Perfusion
36:46 Conscription
37:02 Sappers
39:16 Blast Furnace
Ragouter
7:12 Loom
11:26 Feudal Age
16:21 Castle Age
14:36 Double-Bit Axe
14:48 Stone Mining
26:02 Bow Saw
25:45 Town Watch
26:40 Fletching
31:32 Wheelbarrow
32:56 Fortified Wall
33:03 Murder Holes
33:19 Horse Collar
33:33 Gold Mining
34:23 Hand Cart
34:41 Heavy Plow
Connection lost

Rejoining the realm…

Still unreachable

The connection could not be restored.

Session expired

The server has moved on; the page needs a fresh start.